 Dungeon Crawl Stone Soup version 0.22-a0-292-g0df9d5f (webtiles) character file.

282 Amnesiac the Ducker (level 6, 0/37 HPs)
             Began as a Tengu Air Elementalist on Mar 23, 2018.
             Slain by Nr616's ghost (17 damage)
             ... on level 3 of the Dungeon.
             The game lasted 00:04:16 (3545 turns).

Amnesiac the Ducker (Tengu Air Elementalist)        Turns: 3545, Time: 00:04:17

Health: 0/37       AC:  3    Str:  6 (8)  XL:     6   Next: 28%
Magic:  10/10      EV: 15    Int: 15 (18) God:
Gold:   151        SH:  0    Dex: 13 (14) Spells: 4/9 levels left

rFire    . . .     SeeInvis .   k - +2 quarterstaff (chaos)
rCold    . . .     Gourm    .   (shield currently unavailable)
rNeg     . . .     Faith    .   a - +0 robe
rPois    .         Spirit   .   (helmet restricted)
rElec    .         Reflect  .   g - +0 cloak (curse)
rCorr    .         Harm     .   (no gloves)
MR       .....                  (boots unavailable)
Stlth    ++........             (no amulet)
HPRegen  0.12/turn              (no ring)
MPRegen  0.12/turn              (no ring)

@: no status effects
A: antennae 1, beak, talons 3, deterioration 1, able to fly 1
a: Fly


You were on level 3 of the Dungeon.
You were hungry.

You visited 1 branch of the dungeon, and saw 3 of its levels.

You collected 151 gold pieces.

Inventory:

Hand Weapons
 k - a +2 quarterstaff of chaos (weapon)
Armour
 a - a +0 robe (worn)
 g - a cursed +0 cloak (worn)
Jewellery
 b - an uncursed ring of flight {unknown}
Wands
 e - a wand of flame (17)
Scrolls
 d - a scroll of random uselessness {!r, unknown}
 f - a scroll of noise {!r, unknown}
 h - a scroll of enchant weapon {!r, unknown}
 i - 3 scrolls of remove curse {!r, unknown}
 j - 4 scrolls of identify {!r, unknown}
 n - a scroll of enchant armour {!r, unknown}
 o - a scroll of fog {!r, unknown}
Potions
 m - a potion of might {!q, unknown}
Comestibles
 c - 7 rations
 l - 4 chunks of flesh


   Skills:
 + Level 3.2 Fighting
 * Level 5.9 Dodging
 - Level 2.0 Stealth
 - Level 2.0 Spellcasting
 - Level 1.3 Conjurations
 - Level 4.0 Air Magic


You had 4 spell levels left.
You knew the following spells:

 Your Spells              Type           Power        Failure   Level  Hunger
a - Shock                 Conj/Air       #...         8%          1    #......
d - Airstrike             Air            ##........   38%         4    #####..


Dungeon Overview and Level Annotations

Branches:
Dungeon (3/15)

Altars:
Gozag
Nemelex Xobeh
Uskayaw

Annotations:
D:3 Nr616's ghost, amateur GrFi


Innate Abilities, Weirdness & Mutations

You have a beak for a mouth.
You have claws for feet.
You can fly.
You have a pair of small antennae on your head.
Your body sometimes deteriorates upon taking damage.


Message History

You are feeling hungry.
You hit the gnoll.
You hear a crackling sound.
You peck the gnoll, but do no damage.
The gnoll is lightly wounded.
The gnoll closely misses you.
You thump the gnoll! You burn the gnoll.
The gnoll is almost dead.
The gnoll misses you. The gnoll closely misses you.
You hit the gnoll.
You kill the gnoll!
Things that are here:
a flail; a gnoll corpse You butcher the gnoll corpse.
l - 6 chunks of flesh (gained 2)
You see here a flail.
You start resting.
Eating one of 6 chunks of flesh.
You eat one of the 6 chunks of flesh.
This raw flesh tastes terrible.
HP restored.
You see here a spear.
A gnoll is nearby!
A gnoll is nearby!
A gnoll is nearby!
You hit the gnoll. You freeze the gnoll. You peck the gnoll, but do no damage.
The gnoll is heavily wounded.
The gnoll misses you. The gnoll barely misses you.
You sock the gnoll! Lightning courses through the gnoll!
You kill the gnoll!
No target in view!
No target in view!
Things that are here:
a spear; a gnoll corpse You butcher the gnoll corpse.
l - 9 chunks of flesh (gained 4)
You see here a spear. x2
Some of the chunks of flesh in your inventory have rotted away.
Found a stone staircase leading down.
Some of the chunks of flesh in your inventory have rotted away.
You see here a dagger.
Key pressed, stopping explore.
Some of the chunks of flesh in your inventory have rotted away.
Found 31 stones.
Nr616's ghost turns its malevolent gaze towards you.
Nr616's ghost is too close now for your liking.
Nr616's ghost is nearby!
Nr616's ghost is nearby!
Nr616's ghost is nearby!
Nr616's ghost shouts, "They lied to you.
The Dungeon just goes down and down forever."
You hit Nr616's ghost but do no damage. Nr616's ghost hits you!
Your body deteriorates!
You feel weakened. Nr616's ghost barely misses you.
You barely miss Nr616's ghost.
You claw Nr616's ghost, but do no damage.
Nr616's ghost misses you.
Nr616's ghost screams, "Don't try to defend!
You have no chance!"
There is an escape hatch in the ceiling here.
You are feeling hungry.
You hit Nr616's ghost.
Nr616's ghost flickers and vanishes!
Deactivating autopickup; reactivate with Ctrl-A.
You peck something. Something hits you!
* * * LOW HITPOINT WARNING * * *
Your body deteriorates!
You feel dopey. Something hits you!
You die...

#.[.# #...# #...#... #...####
###.######...###.
####...##)########...##.....##
#.
..)......#....##............#
#.
........###...##............#
#.
.........#...............(..#
##.
####...##.######.#...#[.....#
#.. #...#### #.#..##.######
#.. #...# #@{.....# #..
####...# ###.##### #..
.......# #.# #########.#
####...# #.# ##(....[##.#
####...### #.###..####.##.#
..#......# #.##⌠.⌠#.......#
#.#.####.## #...._...##.####
#.........##### ####⌠.⌠####.#
#.....##...[..########..####.#


There were no monsters in sight!

Vanquished Creatures
  Crazy Yiuf (D:2)
  Jessica (D:2)
  Terence (D:3)
  Natasha (thrice) (D:2)
  3 gnolls (D:3)
  2 adders (D:2)
  An ooze (D:2)
  A dart slug (D:2)
  A leopard gecko (D:2)
  11 bats
  4 giant cockroaches
  4 goblins
  10 hobgoblins
  11 jackals
  A quokka (D:2)
  2 frilled lizards (D:2)
  8 kobolds
  10 rats
75 creatures vanquished.

Notes
Turn   | Place    | Note
-------+----------+-------------------------------------------
     0 | D:1      | Amnesiac the Tengu Air Elementalist began the quest for the Orb.
     0 | D:1      | Reached XP level 1. HP: 10/10 MP: 4/4
    70 | D:1      | Reached XP level 2. HP: 14/16 MP: 0/6
   136 | D:1      | Reached skill level 3 in Dodging
   145 | D:1      | Reached skill level 1 in Fighting
   722 | D:1      | Reached XP level 3. HP: 16/20 MP: 2/7
  1286 | D:2      | Gained mutation: Your body sometimes deteriorates upon taking damage. [potion of mutation]
  1286 | D:2      | Gained mutation: You have a pair of small antennae on your head. [potion of mutation]
  1557 | D:2      | Reached skill level 4 in Dodging
  1557 | D:2      | Reached XP level 4. HP: 26/26 MP: 3/8
  1623 | D:2      | Found a runed door.
  1667 | D:2      | Noticed Jessica
  1671 | D:2      | Killed Jessica
  1833 | D:2      | Noticed Natasha
  1840 | D:2      | Learned a level 4 spell: Airstrike
  1859 | D:2      | Killed Natasha
  1935 | D:2      | Noticed Natasha
  1938 | D:2      | Killed Natasha
  1938 | D:2      | Gained mutation: You can fly. [Tengu growth]
  1938 | D:2      | Reached XP level 5. HP: 13/31 MP: 4/9
  2172 | D:2      | Noticed Natasha
  2179 | D:2      | Killed Natasha
  2179 | D:2      | Reached skill level 5 in Dodging
  2350 | D:2      | Found a hide-covered altar of Uskayaw.
  2629 | D:2      | Noticed Crazy Yiuf
  2636 | D:2      | Killed Crazy Yiuf
  2695 | D:3      | Noticed Terence
  2707 | D:3      | Killed Terence
  2707 | D:3      | Reached XP level 6. HP: 26/37 MP: 0/10
  2939 | D:3      | Noticed Nr616's ghost (amateur GrFi)
  3039 | D:3      | Found an opulent altar of Gozag.
  3157 | D:3      | Found a sparkling altar of Nemelex Xobeh.
  3545 | D:3      | Slain by Nr616's ghost

Vault maps used:
D:1:      co_arrival_square_in_a_square_in_a_square
D:2:      lemuel_crystal_altar, minmay_misc_feat_room, minmay_split_cup_large,
          uniq_crazy_yiuf_cottage, uniq_natasha, uniq_jessica
D:3:      grunt_gozag_statues, nemelex_xobeh_ov_fountains_minmay, first_ration,
          uniq_terence

Skill      XL: |  1  2  3  4  5 |
---------------+----------------+-----
Dodging        | 3 4 5 |  5.9
Fighting       | 1 2 3 |  3.2
Stealth        | |  2.0
Spellcasting   | |  2.0
Conjurations   | |  1.3
Air Magic      | |  4.0

Action                   |  1- 3 |  4- 6 || total
-------------------------+-------+-------++-------
Melee: Unarmed           |    84 |    15 ||    99
       Kick              |    16 |     7 ||    23
       Peck              |    10 |     6 ||    16
       Quarterstaff      |       |    28 ||    28
 Cast: Shock             |    50 |    80 ||   130
       Airstrike         |       |     1 ||     1
  Use: Potion            |     2 |       ||     2
 Stab: Sleeping          |     2 |       ||     2
  Eat: Chunk             |     3 |     8 ||    11
Armor: Robe              |    27 |     4 ||    31
Dodge: Dodged            |    97 |    70 ||   167

Table legend:
 A = Spawn XP
 B = Non-spawn XP
 C = Spawn XP percentage of total XP
 D = Spawn monster count
 E = Non-spawn monster count
 F = Spawn count percentage of total count
 G = Total turns spent on level
                    A         B        C        D         E        F      G
               +---------+---------+-------+---------+---------+-------+---------
         Total |       0 |     403 |   0.0 |       0 |      75 |   0.0 |  3545
               +---------+---------+-------+---------+---------+-------+---------
           D:1 |       0 |      35 |   0.0 |       0 |      21 |   0.0 |   938
           D:2 |       0 |     262 |   0.0 |       0 |      34 |   0.0 |  1757
           D:3 |       0 |     106 |   0.0 |       0 |      20 |   0.0 |   850
               +---------+---------+-------+---------+---------+-------+---------
